 Dungeon Crawl Stone Soup version 0.23-a0-143-g1adec7b (webtiles) character file.

3921 DanaSpawn the Cleaver (level 10, -3/74 HPs)
             Began as a Demonspawn Fighter on Aug 31, 2018.
             Was an Elder of Okawaru.
             Slain by a yak (10 damage)
             ... on level 9 of the Dungeon.
             The game lasted 00:10:16 (9771 turns).

DanaSpawn the Cleaver (Demonspawn Fighter)          Turns: 9771, Time: 00:10:17

Health: -3/74      AC: 11    Str: 16    XL:     10   Next: 1%
Magic:  14/14      EV:  8    Int: 11    God:    Okawaru [****..]
Gold:   299        SH: 10    Dex: 20    Spells: 9/9 levels left

rFire    . . .     SeeInvis .   a - +0 war axe
rCold    . . .     Gourm    .   c - +0 shield
rNeg     . . .     Faith    .   b - +0 scale mail
rPois    .         Spirit   .   (helmet restricted)
rElec    .         Reflect  .   t - +0 cloak
rCorr    .         Harm     .   (no gloves)
MR       .....                  u - +2 pair of boots
Stlth    ++........             (no amulet)
HPRegen  0.22/turn              K - +3 ring of dexterity
MPRegen  0.14/turn              x - ring of stealth

@: no status effects
A: antennae 2, thin skeletal structure 1, powered by death 2
a: Heroism, Renounce Religion


You were on level 9 of the Dungeon.
You worshipped Okawaru.
Okawaru was greatly pleased with you.
You were very hungry.

You visited 1 branch of the dungeon, and saw 9 of its levels.
You also visited: Sewer and Ossuary.

You collected 397 gold pieces.
You spent 98 gold pieces at shops.

Inventory:

Hand Weapons
 a - a +0 war axe (weapon)
Missiles
 B - a throwing net (quivered)
Armour
 b - a +0 scale mail (worn)
 c - a +0 shield (worn)
 p - a +0 pair of boots
 t - a +0 cloak (worn)
 u - a +2 pair of boots (worn)
Jewellery
 n - an uncursed ring of magical power
 x - a ring of stealth (right hand)
 H - an uncursed ring of positive energy
 K - a +3 ring of dexterity (left hand)
Scrolls
 d - 2 scrolls of noise {unknown}
 e - 13 scrolls of identify
 g - a scroll of blinking
 h - 6 scrolls of enchant armour
 o - 6 scrolls of magic mapping {unknown}
 r - 2 scrolls of amnesia {unknown}
 v - 5 scrolls of teleportation {unknown}
 w - a scroll of enchant weapon {unknown}
 A - a scroll of fog
 C - 5 scrolls of remove curse
 D - 3 scrolls of random uselessness {unknown}
 I - 2 scrolls of fear {unknown}
 J - a scroll of holy word {unknown}
Potions
 i - 6 potions of curing
 j - a potion of berserk rage
 k - 2 potions of might
 l - 7 potions of heal wounds {unknown}
 m - 3 potions of brilliance {unknown}
 q - 3 potions of agility
 s - 3 potions of haste {unknown}
 z - a potion of cancellation {unknown}
 E - 2 potions of magic {unknown}
 F - a potion of lignification {unknown}
 G - 4 potions of mutation {unknown}
 L - 2 potions of ambrosia {unknown}
Comestibles
 f - 7 rations


   Skills:
 + Level 5.3 Fighting
 * Level 9.9 Axes
 + Level 5.4 Armour
 + Level 2.1 Dodging
 + Level 5.0 Shields
 * Level 5.5 Invocations


You had 9 spell levels left.
You didn't know any spells.
Your spell library contained the following spells:

 Spells                   Type           Power        Failure   Level  Hunger
 Animate Skeleton         Necr           N/A          99%         1    ##.....
 Pain                     Necr           #...         99%         1    ##.....
 Regeneration             Chrm/Necr      #.........   100%        3    ####...
 Vampiric Draining        Necr           #.........   100%        3    ####...
 Animate Dead             Necr           N/A          100%        4    #####..


Dungeon Overview and Level Annotations

Branches:
Dungeon (9/15)             Temple (0/1) D:4            Lair (0/6) D:8
    Orc: D:9-12

Altars:
Ashenzari
Elyvilon
Fedhas
Okawaru
Trog

Shops:
D:4 !


Innate Abilities, Weirdness & Mutations

You have a pair of antennae on your head.
You have a somewhat thin skeletal structure. (Dex +2, Stealth)
You regenerate health from kills.


Message History

Your demonic ancestry asserts itself...
The wave of death grows in power.
You hit the yak. x2; You block the yak's attack.
The yak gores you but does no damage. The yak barely misses you.
A water moccasin comes into view.
The water moccasin hisses angrily.
A hungry ghost comes into view.
You hit the yak but do no damage.
The yak is lightly wounded.
The yak gores you!
* * * LOW HITPOINT WARNING * * *
The water moccasin bites you.
* * * LOW HITPOINT WARNING * * *
There is a stone staircase leading up here.
The yak gores you!
* * * LOW HITPOINT WARNING * * *
The water moccasin bites you but does no damage.
The yak gores you!
You die...

##..........
###..........[
####.............
##.....###....#### ####
#....### ##..## ####...#
#....# .># .##...#
##...######..#
.....#####.....Y......##
...............Y@.......
................S.......
........................
...................W....
........................
........................
........................
........................
.................


You could see 2 yaks, a hungry ghost and a water moccasin.

Vanquished Creatures
  Joseph (D:8)
  Grinder (D:6)
  3 yaks (D:9)
  A hungry ghost (D:7)
  2 sky beasts
  A black bear (D:5)
  A phantom (D:3)
  5 ogres
  4 centaurs
  A big kobold (D:8)
  3 bullfrogs (D:8)
  An elf skeleton (D:7)
  A howler monkey (D:4)
  5 crimson imps
  A centaur zombie (D:6)
  2 human zombies (D:7)
  A jelly (D:4)
  4 orc wizards
  3 centaur skeletons
  A hound (D:6)
  Crazy Yiuf (D:2)
  A bullfrog skeleton (D:4)
  Jessica (D:2)
  3 iguanas
  3 human skeletons (D:7)
  6 worker ants
  3 hound skeletons
  12 mummies (Ossuary)
  A howler monkey skeleton (D:6)
  12 adders
  A river rat (D:5)
  A shadow imp (D:5)
  2 oozes
  4 adder skeletons
  A worm (D:2)
  2 dart slugs
  9 leopard geckos
  11 orcs
  8 ball pythons
  7 bats
  5 giant cockroaches
  12 goblins
  15 hobgoblins
  8 jackals
  26 kobolds
  5 quokkas
  4 frilled lizards
  A gnoll skeleton (Ossuary)
  3 goblin skeletons (Ossuary)
  2 kobold skeletons (Ossuary)
  A leopard gecko skeleton (D:4)
  6 orc skeletons
  An orc zombie (D:7)
  A quokka skeleton (D:4)
  A quokka zombie (D:6)
  8 rats
  11 rat skeletons (Ossuary)
  A fungus (D:2)
242 creatures vanquished.

Notes
Turn   | Place    | Note
-------+----------+-------------------------------------------
     0 | D:1      | DanaSpawn the Demonspawn Fighter began the quest for the
                  | Orb.
     0 | D:1      | Reached XP level 1. HP: 18/18 MP: 1/1
    39 | D:1      | Gained mutation: You have a somewhat thin skeletal
                  | structure. (Dex +2, Stealth) [demonic ancestry]
    39 | D:1      | Reached XP level 2. HP: 6/24 MP: 2/2
   295 | D:1      | Reached skill level 2 in Axes
   515 | D:1      | Reached XP level 3. HP: 14/29 MP: 3/3
  1666 | D:2      | Reached XP level 4. HP: 20/35 MP: 4/4
  1936 | D:2      | Reached skill level 3 in Axes
  2633 | D:2      | Found a runed door.
  2637 | D:2      | Noticed Crazy Yiuf
  2637 | D:2      | Noticed Jessica
  2641 | D:2      | Killed Crazy Yiuf
  2641 | D:2      | Gained mutation: You have a pair of small antennae on your
                  | head. [demonic ancestry]
  2641 | D:2      | Reached XP level 5. HP: 26/41 MP: 5/5
  2650 | D:2      | Killed Jessica
  3249 | D:3      | Noticed a phantom
  3267 | D:3      | Killed a phantom
  3267 | D:3      | Reached skill level 4 in Axes
  3267 | D:3      | Reached XP level 6. HP: 44/47 MP: 6/6
  3543 | D:4      | Reached skill level 1 in Dodging
  4123 | D:4      | Found an iron altar of Okawaru.
  4134 | D:4      | Became a worshipper of Warmaster Okawaru
  4141 | D:4      | Reached skill level 5 in Axes
  4334 | D:4      | Found a bloodstained altar of Trog.
  4341 | D:4      | Found Aczenn's Distillery.
  4349 | D:4      | Bought a potion of might for 56 gold pieces
  4349 | D:4      | Bought a potion of curing for 42 gold pieces
  4439 | D:4      | Found a staircase to the Ecumenical Temple.
  4653 | D:5      | Entered Level 5 of the Dungeon
  4659 | D:5      | Reached XP level 7. HP: 45/53 MP: 7/7
  4660 | D:5      | Reached skill level 1 in Invocations
  4680 | D:5      | Reached * piety under Okawaru
  4889 | D:5      | Reached skill level 6 in Axes
  5107 | D:5      | Gained mutation: You regenerate a little health from kills.
                  | [demonic ancestry]
  5107 | D:5      | Reached XP level 8. HP: 28/60 MP: 9/9
  5227 | D:5      | Found a glowing drain.
  5235 | Sewer    | Entered a sewer
  5713 | D:6      | Reached skill level 7 in Axes
  5713 | D:6      | Noticed Grinder
  5724 | D:6      | Paralysed by Grinder for 5 turns
  5738 | D:6      | Killed Grinder
  5738 | D:6      | Reached ** piety under Okawaru
  5913 | D:6      | Found a blossoming altar of Fedhas.
  6347 | D:6      | HP: 1/91 [ogre/giant spiked club (16)]
  6349 | D:6      | Reached skill level 8 in Axes
  7067 | D:7      | Paralysed by fainting for 12 turns
  7079 | D:7      | Paralysed by fainting for 12 turns
  7104 | D:7      | Gained mutation: You have a pair of antennae on your head.
                  | [demonic ancestry]
  7104 | D:7      | Reached XP level 9. HP: 58/66 MP: 12/12
  7386 | D:7      | Reached *** piety under Okawaru
  7424 | D:7      | Found a sand-covered staircase.
  7445 | Ossuary  | Entered an ossuary
  8277 | D:7      | Reached skill level 5 in Armour
  8434 | D:8      | Reached skill level 5 in Fighting
  8445 | D:8      | Reached skill level 9 in Axes
  8469 | D:8      | Found a shattered altar of Ashenzari.
  8590 | D:8      | Found a staircase to the Lair.
  8884 | D:8      | Noticed Joseph
  9121 | D:8      | Killed Joseph
  9121 | D:8      | Reached **** piety under Okawaru
  9121 | D:8      | Reached skill level 5 in Shields
  9121 | D:8      | Reached skill level 5 in Invocations
  9501 | D:8      | Found a white marble altar of Elyvilon.
  9765 | D:9      | Gained mutation: You regenerate health from kills. [demonic
                  | ancestry]
  9765 | D:9      | Reached XP level 10. HP: 24/74 MP: 14/14
  9771 | D:9      | Slain by a yak

Vault maps used:
D:1:      lightli_arrival_lavapool
D:2:      first_ration, minmay_snake_closets, uniq_crazy_yiuf_cottage,
          uniq_jessica
D:3:      cheibrodos_greedy_goblins
D:4:      bloody_trog, lemuel_doored_altar, minmay_temple_entry_enclosed_plants,
          serial_shops, shop
D:5:      gup_sewer_entry_spiral
D:6:      fedhas_bush_and_centaur_altar, minmay_crystal_room, uniq_grinder
D:7:      nicolae_ossuary_entry_catacombs, kennysheep_pointless_box
D:8:      kennysheep_mini_moat, dpeg_oklobed_lair, ashenzari_altar_1,
          uniq_joseph
D:9:      david_orc_1_choice, enter_bailey_3
Sewer:    kennysheep_pipe_town
Ossuary:  ossuary_due_small_catacomb

Skill      XL: |  1  2  3  4  5  6  7  8  9 |
---------------+----------------------------+-----
Axes           | 2 3 4 5 6 8 9 |  9.9
Armour         | 3 4 5 |  5.4
Shields        | 3 4 5 |  5.0
Dodging        | 1 2 |  2.1
Invocations    | 2 4 5 |  5.5
Fighting       | 4 5 |  5.3

Action                   |  1- 3 |  4- 6 |  7- 9 | 10-12 || total
-------------------------+-------+-------+-------+-------++-------
Melee: War axe           |   128 |   278 |   622 |     1 ||  1029
  Use: Potion            |       |     1 |     2 |       ||     3
       Scroll            |       |     5 |       |       ||     5
 Stab: Sleeping          |       |       |     8 |       ||     8
  Eat: Chunk             |     3 |    10 |    10 |       ||    23
       Ration            |       |       |     5 |       ||     5
Armor: Scale mail        |    68 |   127 |   264 |     2 ||   461
Dodge: Dodged            |    33 |    83 |   154 |     1 ||   271
Block: Shield            |    70 |   148 |   278 |     1 ||   497

Table legend:
 A = Non-vault XP
 B = Vault XP
 C = Vault XP percentage of total XP
 D = Non-vault monster count
 E = Vault monster count
 F = Vault count percentage of total count
                 A         B        C        D         E       F
            +---------+---------+-------+---------+---------+-------
      Total |    3998 |    1604 |  28.6 |     143 |      97 |  40.4
            +---------+---------+-------+---------+---------+-------
        D:1 |      54 |       0 |   0.0 |      25 |       0 |   0.0
        D:2 |      35 |     161 |  82.1 |      11 |      12 |  52.2
        D:3 |     182 |      20 |   9.9 |      19 |      10 |  34.5
        D:4 |     269 |       0 |   0.0 |      21 |       0 |   0.0
        D:5 |     856 |      36 |   4.0 |      18 |       7 |  28.0
        D:6 |     589 |     375 |  38.9 |      18 |       2 |  10.0
        D:7 |     562 |     278 |  33.1 |       8 |      11 |  57.9
        D:8 |     806 |     466 |  36.6 |      19 |       1 |   5.0
        D:9 |     645 |       0 |   0.0 |       4 |       0 |   0.0
      Sewer |       0 |      34 | 100.0 |       0 |      24 | 100.0
    Ossuary |       0 |     234 | 100.0 |       0 |      30 | 100.0
            +---------+---------+-------+---------+---------+-------
